 Dungeon Crawl Stone Soup version 0.30-a0-802-gb92711b (webtiles) character file.

Game seed: 13006442649600242202

276 Illumine the Conjurer (level 6, -2/27 (37) HPs)
             Began as a Tengu Reaver on Feb 23, 2023.
             Slain by a gnoll sergeant
             ... wielding a +2 trident of flaming
              (6 damage)
             ... on level 4 of the Dungeon.
             The game lasted 00:06:33 (3247 turns).

Illumine the Conjurer (Tengu Reaver)                Turns: 3247, Time: 00:06:33

HP:   -2/27 (37)    AC:  7    Str: 12    XL:     6   Next: 25%
MP:   8/11          EV: 14    Int: 22    God:
Gold: 162           SH:  0    Dex: 12    Spells: 4/10 levels left

rFire   . . .      SeeInvis .    y - +0 long sword
rCold   . . .      Faith    .    (no shield)
rNeg    . . .      Spirit   .    b - +0 leather armour
rPois   .          Reflect  .    (helmet restricted)
rElec   .          Harm     .    (no cloak)
rCorr   .          Rampage  .    (no gloves)
Will    .....                    (boots unavailable)
Stlth   +                        (no amulet)
HPRegen 0.24/turn                v - +4 ring of protection
MPRegen 0.12/turn                B - +6 ring of intelligence

@: immotile, flying quickly and evasively, very heavily drained, quick
A: beak, talons 3, nimble flight
a: no special abilities


You were on level 4 of the Dungeon.
You visited 1 branch of the dungeon, and saw 5 of its levels.

You collected 198 gold pieces.
You spent 36 gold pieces at shops.

Inventory:

Hand Weapons
 a - a +0 falchion
 q - a +0 sling
 y - a +0 long sword (weapon)
Armour
 b - a +0 leather armour (worn)
 k - a +0 tower shield
Magical Staves
 r - a staff of death
Jewellery
 s - a ring of protection from fire
 v - a +4 ring of protection (left hand)
 B - a +6 ring of intelligence (right hand)
Wands
 t - a wand of flame (2)
 w - a wand of quicksilver (9)
Scrolls
 c - a scroll of silence {unknown}
 g - a scroll of enchant armour {unknown}
 h - a scroll of fear {unknown}
 l - 6 scrolls of identify {unknown}
 m - a scroll of teleportation {unknown}
 n - a scroll of fog {unknown}
 o - a scroll of amnesia {unknown}
 p - a scroll of vulnerability {unknown}
Potions
 d - 3 potions of curing
 e - a potion of ambrosia {unknown}
 f - 2 potions of lignification {unknown}
 i - 2 potions of mutation {unknown}
 j - a potion of brilliance {unknown}
 u - a potion of might {unknown}
 x - 2 potions of haste {unknown}
 z - a potion of attraction {unknown}
 A - a potion of magic {unknown}


   Skills:
 + Level 3.0 Fighting
 * Level 5.0 Long Blades
 - Level 2.3 Dodging
 + Level 2.9 Spellcasting
 + Level 5.1 Conjurations
 - Level 2.3 Necromancy
 * Level 0.5 Translocations


You had 4 spell levels left.
You knew the following spells:

 Your Spells              Type           Power      Damage    Failure   Level
a - Kiss of Death         Conj/Necr      76%        2d11      3%          1
b - Momentum Strike       Conj/Tloc      30%        3d8       8%          2
c - Hailstorm             Conj/Ice       14%        3d5       17%         3

Your spell library contained the following spells:

 Spells                   Type           Power      Damage    Failure   Level


Dungeon Overview and Level Annotations

Branches:
Dungeon (5/15)
 Temple: D:4-7

Altars:
Fedhas
Kikubaaqudgha
Uskayaw

Shops:
D:2 !   D:4 [


Innate Abilities, Weirdness & Mutations

You have a beak for a mouth.
You have claws for feet.
Your magical nature lets you fly swiftly and evasively.


Message History

Something shouts, "Leave, thou bawdy toot-wallowing whey-face!"
You hear a shout!
A gnoll comes into view. It is wielding a +0 spear.
A gnoll sergeant comes into view.
It is wielding a +2 trident of flaming and wearing a +1 scale mail of fire resistance.
The gnoll moves out of view.
There is a stone staircase leading down here.
The gnoll barely misses you.
There is a stone staircase leading up here.
The gnoll misses you. The gnoll hits you but does no damage.
The gnoll sergeant hits you with a +2 trident of flaming.
The gnoll sergeant burns you.
The gnoll hits you from afar with a +0 spear.
There is a stone staircase leading up, spattered with blood here.
The gnoll sergeant hits you with a +2 trident of flaming!
The gnoll sergeant burns you.
* * * LOW HITPOINT WARNING * * *
The gnoll misses you.
You fly upwards.
There is a stone staircase leading down here.
Casting: Momentum Strike (safe; 8% risk of failure)
Confirm with . or Enter, or press ? or * to list all spells.
Aiming: Kiss of Death (safe; 3% risk of failure)
Press: ? - help, Shift-Dir - straight line, f - gnoll sergeant
Aim: a gnoll sergeant, wielding a +2 trident of flaming and wearing a +1 scale mail of fire resistance (100% to hit)
The negative energy hits the gnoll sergeant.
The gnoll sergeant is drained!
The gnoll sergeant is moderately wounded.
You feel drained.
The gnoll sergeant completely misses you.
Casting: Kiss of Death (safe; 3% risk of failure)
Confirm with . or Enter, or press ? or * to list all spells.
Aiming: Momentum Strike (safe; 8% risk of failure)
Press: ? - help, Dir - move target, f/p - gnoll sergeant
Aim: a gnoll sergeant, wielding a +2 trident of flaming and wearing a +1 scale mail of fire resistance (moderately wounded, lightly drained, 79% to hit)
The concentrated momentum hits the gnoll sergeant!
The gnoll sergeant is almost dead.
You are unable to move.
The gnoll sergeant hits you with a +2 trident of flaming.
You die...

#.#.#.#.#......#.#
####.##...
..#.#.#.#......#.###
#....####.
###.#.#.#......#...##
#.#### #.
..#.#.#.#......###..# #.#
#. #...#.#.#......# ##.#
#.# #.
......#.#......####.## #.#
#####.
......#[#..###.##.#..# #.#
#.....
#####......##..##....# #.#
#.####
#...#..)...####.@###.###.#
#.#
#..........####.g##......#
#.#
###.#.รท....##..##..##.####
#.#
....#.###..###.##.###..#
#.# ###...###..#####..#
##.### #.#
.................## #...#
#.#
.##.####################.#
#.#
.##.#...###.####.......#.#
#.#
.##.#.8.'##..##.#......#.#
#.#


You could see a gnoll sergeant (drained).

Vanquished Creatures
  A scorpion (D:4)
  Jessica (D:3)
  An iguana (D:4)
  Ijyb (D:3)
  5 adders
  3 worms
  A dart slug (D:4)
  8 orcs
  4 endoplasms
  7 giant cockroaches
  9 goblins
  6 hobgoblins
  A jackal (D:4)
  9 kobolds
  3 quokkas
  11 ball pythons
  5 bats
  2 frilled lizards
  5 rats
83 creatures vanquished.

Notes
Turn   | Place    | Note
-------+----------+-------------------------------------------
     0 | D:1      | Illumine the Tengu Reaver began the quest for the Orb.
     0 | D:1      | Reached XP level 1. HP: 12/12 MP: 4/4
   122 | D:1      | Reached XP level 2. HP: 15/17 MP: 6/6
   517 | D:1      | Reached XP level 3. HP: 21/21 MP: 7/7
   870 | D:2      | Learned a level 2 spell: Momentum Strike
   889 | D:2      | Found Naaxil's Distillery.
   897 | D:2      | Bought a potion of curing for 36 gold pieces
   965 | D:2      | Learned a level 3 spell: Hailstorm
  1003 | D:2      | Reached XP level 4. HP: 18/27 MP: 8/8
  1443 | D:3      | Noticed a +0 spear
  1490 | D:3      | Noticed Ijyb
  1504 | D:3      | Killed Ijyb
  1589 | D:3      | Found an ancient bone altar of Kikubaaqudgha.
  1679 | D:3      | Reached skill level 1 in Necromancy
  1752 | D:3      | Found a blossoming altar of Fedhas.
  1756 | D:3      | Noticed Jessica
  1758 | D:3      | Killed Jessica
  1759 | D:3      | Gained mutation: Your magical nature lets you fly swiftly
                  | and evasively. [Tengu growth]
  1759 | D:3      | Reached XP level 5. HP: 30/31 MP: 9/9
  1907 | D:3      | Found a faded altar of an unknown god.
  2026 | D:3      | Noticed a +0 short sword
  2026 | D:3      | Noticed a +0 short sword
  2026 | D:3      | Noticed a +0 dagger
  2027 | D:3      | Noticed a +0 dagger
  2027 | D:3      | Noticed a +0 spear
  2027 | D:3      | Noticed a +0 falchion
  2027 | D:3      | Noticed a +0 falchion
  2041 | D:3      | Found a hide-covered altar of Uskayaw.
  2470 | D:4      | Found Mwindo's Dragon-Slaying Spoils.
  2563 | D:4      | Reached skill level 5 in Conjurations
  2604 | D:4      | Reached XP level 6. HP: 31/31 MP: 8/11
  2865 | D:4      | Reached skill level 5 in Long Blades
  3199 | D:5      | Entered Level 5 of the Dungeon
  3247 | D:4      | Slain by a gnoll sergeant

Illustrated notes

Levels and vault maps discovered:
D:1:      spicycebolla_green_bress_n_ham, layout_basic,
          chequers_serial_rivers_micro_e, minmay_hexomino_f4
D:2:      layout_loops_ring, serial_shops, nicolae_shop_stone
D:3:      layout_loops_ring, gammafunk_temple_overflow_elements,
          lemuel_round_altar, nicolae_uskayaw_en_pointe,
          fedhas_altar_fruit_tree, hellmonk_ecumenical_altar_lost_god,
          dk_noncrumbling_3, uniq_ijyb, uniq_jessica
D:4:      minmay_chambers_of_threes, layout_basic, st_stairs_7,
          minmay_misc_feat_nine_boxes, nicolae_shop_dragon_depot,
          minmay_misc_feat_doors
D:5:      wander_river, layout_basic, grunt_dithmenos_shadows,
          nicolae_overflow_hidden_temple, temple_green, sword_in_stone

Skill      XL: |  1  2  3  4  5  6 |
---------------+-------------------+-----
Long Blades    | 4 5 |  5.0
Necromancy     | 1 2 |  2.3
Conjurations   | 5 |  5.1
Fighting       | 3 |  3.0
Dodging        | |  2.3
Spellcasting   | |  2.9
Translocations | |  0.5

Action                     |  1- 3 |  4- 6 || total
---------------------------+-------+-------++-------
  Melee: Falchion          |    69 |    75 ||   144
         Kick              |    15 |    20 ||    35
         Peck              |    10 |    11 ||    21
         Punch             |       |     2 ||     2
         Long sword        |       |    37 ||    37
   Cast: Kiss of Death     |     2 |     3 ||     5
         Momentum Strike   |       |    11 ||    11
 Armour: Leather armour    |    19 |    44 ||    63
  Dodge: Dodged            |    32 |    80 ||   112

Table legend: (Time is in decaauts)
 A = Elapsed time spent in this place.
 B = Non-inter-level travel time spent in this place.
 C = Inter-level travel time spent in this place.
 D = Time resting spent in this place.
 E = Time spent auto-exploring this place.
 F = Levels seen in this place.
 G = Mean time per level.
                   A        B        C        D        E       F      G
               +--------+--------+--------+--------+--------+-----+--------+
         Total |   3147 |   3012 |    135 |    274 |   2101 |   5 |  629.4 |
       Dungeon |   3147 |   3012 |    135 |    274 |   2101 |   5 |  629.4 |
               +--------+--------+--------+--------+--------+-----+--------+

Top non-repeatable levels by time:
     D:4: 1049 daAuts
     D:2: 768 daAuts
     D:1: 683 daAuts
     D:3: 603 daAuts
     D:5: 42 daAuts
